 Dungeon Crawl Stone Soup version 0.17-a0-1954-g0dddeaa (webtiles) character file.

1416 kae the Carver (level 8, -11/62 (64) HPs)
             Began as a Minotaur Fighter on Oct 3, 2015.
             Was a Follower of Makhleb.
             Mangled by bear's ghost (16 damage)
             ... on level 5 of the Dungeon.
             The game lasted 00:05:45 (4019 turns).

kae the Carver (Minotaur Fighter)                   Turns: 4019, Time: 00:05:45

HP:   -11/62 (64)   AC: 15    Str: 21    XL:     8   Next: 43%
MP:   7/7           EV:  7    Int:  7    God:    Makhleb [*.....]
Gold: 183           SH:  9    Dex: 10    Spells: 0 memorised, 7 levels left

rFire  . . .     SeeInvis .     a - +2 falchion (protect)
rCold  + . .     Clarity  .     b - +1 scale mail
rNeg   . . .     SustAt   .     c - +0 shield
rPois  .         Gourm    +     (helmet restricted)
rElec  .         Spirit   .     n - +0 cloak
rCorr  .         Warding  .     (no gloves)
rMut   .         Stasis   .     r - +0 pair of boots
MR     .....                    p - amulet of the gourmand
Stlth  ..........               (no ring)
                                x - ring of protection from cold

@: hasted, very quick, not resistant to hostile enchantments, extremely
unstealthy
A: retaliatory headbutt, horns 2
a: Renounce Religion


You were on level 5 of the Dungeon.
You worshipped Makhleb.
Makhleb was aware of your devotion.
You were not hungry.

You visited 1 branch of the dungeon, and saw 5 of its levels.

You collected 209 gold pieces.
You spent 26 gold pieces at shops.

Inventory:

Hand weapons
 a - a +2 falchion of protection (weapon)
Armour
 b - a +1 scale mail (worn)
 c - a +0 shield (worn)
 n - a +0 cloak (worn)
 r - a +0 pair of boots (worn)
Jewellery
 p - an amulet of the gourmand (around neck)
 q - a +3 ring of evasion {unknown}
 x - a ring of protection from cold (left hand)
Scrolls
 f - 3 scrolls of remove curse
 h - a scroll of amnesia
 i - 6 scrolls of identify
 k - a scroll of noise {unknown}
 o - a scroll of magic mapping
Potions
 d - a potion of haste
 j - 2 potions of lignification
 m - a potion of poison
Comestibles
 e - 4 bread rations
 g - 2 meat rations
 u - 4 beef jerkies
 w - a slice of pizza


   Skills:
 - Level 3.6 Fighting
 + Level 12.3 Long Blades
 - Level 3.6 Armour
 - Level 3.6 Shields


You had 7 spell levels left.
You didn't know any spells.

Dungeon Overview and Level Annotations

Branches:
Dungeon (5/15)
 Temple: D:4-7

Altars:
Cheibriados
Makhleb
Nemelex Xobeh

Shops:
D:4 *

Annotations:
D:5 bear's ghost, experienced HOFi


Innate Abilities, Weirdness & Mutations

You reflexively headbutt those who attack you in melee.
You have a pair of horns on your head.


Message History

You are too injured to fight recklessly!
You are too injured to fight recklessly!
You are too injured to fight recklessly!
You are too injured to fight recklessly!
You are too injured to fight recklessly!
You hit bear's ghost.
Bear's ghost is severely damaged.
You block bear's ghost's attack.
You hit bear's ghost but do no damage.
Bear's ghost is heavily damaged.
You block bear's ghost's attack.
You hit bear's ghost but do no damage.
Bear's ghost is heavily damaged.
You hit bear's ghost. You headbutt bear's ghost.
Bear's ghost is severely damaged.
Bear's ghost hits you.
* * * LOW HITPOINT WARNING * * *
Drink which item? (? for menu, Esc to quit)
It was a potion of haste.
You feel yourself speed up. Bear's ghost hits you!
You die...

..รท...# ##.########.#
......# #.....##...#
####### ##....##.#.#
*******#....##.#.#
*,,,,,*#....##.#.#
*,***,*#....##.#.# *,*
*,*###'###.#.##### *,*
#.####.###.#.....# *,*
#.......@..#.#.#.# *,*
#######W####.#.#.# *,*
#..# #.#.#.#
*,***#######.###.#.#.#
*,,,,.........#....#.#
**,,,,...####..#..###.#
***,,,,,......<..#......#
*,,,,,,,...###.#.#...####
*,,,,,,,,,,* #.......#


You could see bear's ghost.

Vanquished Creatures
  Menkaure (D:4)
  An orc warrior (D:5)
  A necrophage (D:5)
  3 ogres
  A centaur (D:5)
  4 killer bees (D:5)
  A crimson imp (D:5)
  A giant frog zombie (D:5)
  2 hounds (D:5)
  2 orc wizards
  A jelly (D:5)
  Jessica (D:3)
  A giant frog skeleton (D:5)
  3 orc priests
  Terence (D:2)
  An iguana (D:5)
  A worker ant (D:5)
  A worker ant zombie (D:5)
  3 adders
  2 shadow imps
  An adder zombie (D:5)
  An ooze (D:2)
  3 worms
  2 giant geckos (D:3)
  17 orcs
  5 bats
  7 giant cockroaches
  6 goblins
  12 hobgoblins
  8 jackals
  3 quokkas
  A ball python (D:3)
  8 giant newts
  6 kobolds
  9 rats
121 creatures vanquished.

Notes
Turn   | Place    | Note
--------------------------------------------------------------
     0 | D:1      | kae the Minotaur Fighter began the quest for the Orb.
     0 | D:1      | Reached XP level 1. HP: 19/19 MP: 0/0
    34 | D:1      | Reached XP level 2. HP: 26/26 MP: 1/1
   188 | D:1      | Reached skill level 4 in Long Blades
   407 | D:2      | Noticed Terence
   413 | D:2      | Killed Terence
   413 | D:2      | Reached XP level 3. HP: 31/31 MP: 2/2
   434 | D:2      | Reached skill level 5 in Long Blades
   452 | D:2      | Found a faded altar to an unknown god.
   462 | D:2      | Reached XP level 4. HP: 39/39 MP: 3/3
   489 | D:2      | Found a sparkling altar of Nemelex Xobeh.
  1008 | D:3      | Reached skill level 6 in Long Blades
  1087 | D:3      | Reached XP level 5. HP: 40/45 MP: 4/4
  1127 | D:3      | Noticed Jessica
  1131 | D:3      | Killed Jessica
  1131 | D:3      | Reached skill level 7 in Long Blades
  1684 | D:4      | Reached XP level 6. HP: 43/51 MP: 5/5
  1951 | D:4      | Found a snail-covered altar of Cheibriados.
  1978 | D:4      | Noticed Menkaure
  1987 | D:4      | Killed Menkaure
  1987 | D:4      | Reached skill level 8 in Long Blades
  2241 | D:4      | Found Suet Nabo's General Store.
  2247 | D:4      | Bought a scroll of identify for 26 gold pieces
  2310 | D:4      | Noticed an ogre
  2319 | D:4      | Killed an ogre
  2319 | D:4      | Reached skill level 9 in Long Blades
  2446 | D:4      | Reached XP level 7. HP: 48/57 MP: 6/6
  2763 | D:5      | Entered Level 5 of the Dungeon
  2811 | D:5      | Reached skill level 10 in Long Blades
  2835 | D:5      | Found a burning altar of Makhleb.
  3142 | D:5      | Became a worshipper of Makhleb the Destroyer
  3591 | D:5      | Noticed bear's ghost (experienced HOFi)
  3646 | D:5      | Reached skill level 11 in Long Blades
  3646 | D:5      | Reached XP level 8. HP: 57/62 MP: 7/7
  3808 | D:5      | Acquired Makhleb's first power
  3860 | D:5      | Reached skill level 12 in Long Blades
  4019 | D:5      | Mangled by bear's ghost

Vault maps used:
D:1:      eino_arrival_druids_welcome
D:2:      overflow_temple_1_default, ecumenical_altar_1,
          minmay_misc_feat_square, uniq_terence
D:3:      nicolae_overflow_hidden_temple, first_bread, uniq_jessica
D:4:      lemuel_crystal_altar, serial_shops, shop, minivault_11,
          minmay_misc_feat_x, uniq_menkaure
D:5:      minmay_opposing_rooms, bloody_makhleb

Action                   |  1- 3 |  4- 6 |  7- 9 || total
-------------------------+-------+-------+-------++-------
Melee: Long sword        |    68 |       |       ||    68
       Falchion          |    14 |   164 |   220 ||   398
  Use: Potion            |       |       |    10 ||    10
       Scroll            |       |       |     8 ||     8
  Eat: Chunk             |       |     5 |    14 ||    19
